 Dungeon Crawl Stone Soup version 0.29.1-4-g47bece8355 (webtiles) character file.

Game seed: 13738433695491027862

108 Haldmier the Sneak (level 4, -1/36 HPs)
             Began as a Ghoul Brigand on Dec 2, 2022.
             Slain by a gnoll
             ... wielding a +0 whip
              (5 damage)
             ... on level 3 of the Dungeon.
             The game lasted 00:05:28 (1776 turns).

Haldmier the Sneak (Ghoul Brigand)                  Turns: 1776, Time: 00:05:29

Health: -1/36      AC:  6    Str: 16    XL:     4   Next: 87%
Magic:  3/3        EV: 10    Int:  6    God:
Gold:   139        SH:  3    Dex: 10    Spells: 1/3 levels left

rFire   . . .      SeeInvis .     - Unarmed
rCold   + . .      Faith    .   f - +0 buckler
rNeg    + + +      Spirit   .   n - +0 ring mail
rPois   ∞          Reflect  .   (no helmet)
rElec   .          Harm     .   c - +0 cloak
rCorr   .          Rampage  .   (no gloves)
Will    .....                   (no boots)
Stlth   ++........              (no amulet)
HPRegen 0.00/turn               (no ring)
MPRegen 0.08/turn               (no ring)

@: inhibited regen
A: claws 1, cold resistance 1, negative energy resistance 3, inhibited
regeneration, torment resistance 2, devour on kill
a: no special abilities


You were on level 3 of the Dungeon.
You visited 1 branch of the dungeon, and saw 3 of its levels.

You collected 139 gold pieces.

Inventory:

Missiles
 d - 9 poisoned darts
 e - 5 curare-tipped darts
 g - 5 silver javelins
 h - 3 boomerangs (quivered)
 i - 17 stones
Armour
 c - a +0 cloak (worn)
 f - a +0 buckler (worn)
 n - a +0 ring mail (worn)
Wands
 l - a wand of flame (30)
Scrolls
 a - a scroll of fear {unknown}
 j - a scroll of identify {unknown}
 k - 3 scrolls of noise {unknown}
 o - a scroll of butterflies {unknown}
 p - a scroll of teleportation {unknown}
Potions
 b - a potion of haste {unknown}
 m - 2 potions of mutation {unknown}


   Skills:
 - Level 2.1 Fighting
 - Level 1.7 Short Blades
 - Level 1.7 Throwing
 - Level 0.8 Dodging
 - Level 4.3 Stealth
 + Level 1.5 Shields
 + Level 4.1 Unarmed Combat


You had one spell level left.
You knew the following spells:

 Your Spells              Type           Power      Damage    Failure   Level
a - Passwall              Tmut/Erth      0%         N/A       89%         2

Your spell library contained the following spells:

 Spells                   Type           Power      Damage    Failure   Level
 Summon Small Mammal      Summ           0%         N/A       78%         1
 Ensorcelled Hibernation  Hex/Ice        0%         N/A       89%         2
 Call Canine Familiar     Summ           0%         N/A       98%         3
 Summon Guardian Golem    Hex/Summ       0%         N/A       98%         3
 Swiftness                Air            0%         N/A       98%         3


Dungeon Overview and Level Annotations

Branches:
Dungeon (3/15)

Altars:


Innate Abilities, Weirdness & Mutations

You are immune to poison.
You have sharp fingernails.
Your flesh is cold resistant. (rC+)
You are immune to negative energy. (rN+++)
You do not regenerate when monsters are visible.
You are immune to unholy pain and torment.
You thrive by killing the living.


Message History

The gnoll hits you but does no damage.
You closely miss the gnoll.
The gnoll is heavily wounded.
The gnoll hits you with a +0 spear.
You scratch the gnoll but do no damage.
The gnoll is heavily wounded.
The gnoll hits you with a +0 spear.
You scratch the gnoll but do no damage.
The gnoll is heavily wounded.
You block the gnoll's attack.
You claw the gnoll!
You kill the gnoll!
You closely miss the gnoll. The gnoll hits you with a +0 whip.
The gnoll hits you from afar with a +0 spear!
The gnoll attacks as you move away! The gnoll barely misses you.
The gnoll attacks as you move away! The gnoll closely misses you.
The gnoll attacks as you move away! The gnoll hits you but does no damage.
The gnoll attacks as you move away! The gnoll hits you with a +0 whip.
The gnoll attacks as you move away! The gnoll hits you with a +0 whip.
* * * LOW HITPOINT WARNING * * *
The gnoll attacks as you move away! The gnoll hits you but does no damage.
The gnoll attacks as you move away! The gnoll barely misses you.
The gnoll attacks as you move away! The gnoll closely misses you.
The gnoll attacks as you move away! The gnoll hits you with a +0 whip.
* * * LOW HITPOINT WARNING * * *
Things that are here:
a +0 mace; an orc corpse The gnoll attacks as you move away!
The gnoll closely misses you. The gnoll attacks as you move away!
The gnoll hits you but does no damage. The gnoll attacks as you move away!
The gnoll hits you with a +0 whip.
* * * LOW HITPOINT WARNING * * *
The gnoll attacks as you move away! The gnoll hits you with a +0 whip.
* * * LOW HITPOINT WARNING * * *
You claw the gnoll!
The gnoll is severely wounded.
You block the gnoll's attack.
You scratch the gnoll but do no damage.
The gnoll is severely wounded.
The gnoll hits you with a +0 whip.
You die...

#.....#.####
#.............###..
#.#.##~≈~≈≈#
#.###....)........
#.....≈###≈. ....#...##.#..###
###..#≈≈≈≈~.##.#.#.g.#.......#
......~≈#≈~###.#.#..g#..g..#.#
.#..##≈≈#≈≈###.#.##..#.##.g#.#
#..##≈≈#≈≈.##.#.#g..#. #..#.#
#....~≈≈≈~......g...#. #..#.#
#.###≈###~.....@#.#.#.
#....#### ##.#
#≈≈≈~~......#.#.#. ####..g.#
...# #####.......#.#.# ####.#
.#.# #.......#.#.# #.# .#.#
#.......#.#.# #g# .#.#
####.......#.#.# #.# .#.#
#.....<#........ #g.
.#.####.######.###.... ###
.#............†.......


You could see 3 gnolls.

Vanquished Creatures
  A gnoll (D:3)
  4 adders (D:2)
  A worm (D:2)
  3 dart slugs
  An orc (D:3)
  6 ball pythons
  8 bats
  2 endoplasms
  2 giant cockroaches (D:3)
  8 goblins
  3 hobgoblins (D:1)
  2 jackals (D:1)
  A quokka (D:1)
  3 frilled lizards
  4 kobolds
  6 rats
55 creatures vanquished.

Notes
Turn   | Place    | Note
-------+----------+-------------------------------------------
     0 | D:1      | Haldmier the Ghoul Brigand began the quest for the Orb.
     0 | D:1      | Reached XP level 1. HP: 17/17 MP: 0/0
    60 | D:1      | Reached skill level 1 in Unarmed Combat
   202 | D:1      | Reached XP level 2. HP: 24/24 MP: 1/1
   441 | D:1      | Reached XP level 3. HP: 29/29 MP: 2/2
   496 | D:1      | Found a faded altar of an unknown god.
  1046 | D:2      | Learned a level 2 spell: Passwall
  1135 | D:2      | Reached XP level 4. HP: 26/36 MP: 3/3
  1144 | D:2      | Reached skill level 1 in Shields
  1776 | D:3      | Slain by a gnoll

Illustrated notes

Levels and vault maps discovered:
D:1:      tarquinn_simple_flora_water_e, layout_rooms,
          nicolae_ecumenical_snake_handling, chequers_serial_rivers_micro_e
D:2:      layout_basic, minmay_misc_feat_nine_boxes
D:3:      layout_basic, minitemple, minmay_crystal_water

Skill      XL: |  1  2  3  4 |
---------------+-------------+-----
Unarmed Combat | 1 2 3 4 |  4.1
Shields        | 1 |  1.5
Fighting       | |  2.1
Short Blades   | |  1.7
Throwing       | |  1.7
Dodging        | |  0.8
Stealth        | |  4.3

Action                   |  1- 3 |  4- 6 || total
-------------------------+-------+-------++-------
Melee: Dagger            |    91 |       ||    91
       Punch             |     2 |       ||     2
       Unarmed           |    17 |    54 ||    71
Throw: Boomerang         |     9 |     1 ||    10
 Stab: Sleeping          |    10 |     1 ||    11
Armor: Robe              |    17 |       ||    17
       Ring mail         |     5 |    26 ||    31
Dodge: Dodged            |    48 |    40 ||    88
Block: Buckler           |     3 |    10 ||    13
